Map: Orbital Shipyard

Players

Kyoko

  • Race: Protoss Protoss
  • League: Diamond

Mihai - Winner!

  • Race: Terran Terran
  • League: Master

VOD

Have the link to the VOD?

Description

Time

  • Played on: Dec. 2, 2015, 12:53 p.m.
  • Length: 7:55
Show
View Real Time Build Order
Export as new Build Order

Kyoko Protoss 

Build Orders: 1 Gate Expand, Blink Stalkers 

Get SALT Encoding   

  12  0:02  Probe (Chrono Boost)  
  13  0:12  Probe (Chrono Boost)  
  14  0:17  Pylon  
  14  0:23  Probe (Chrono Boost)  
  16  0:35  Probe (Chrono Boost)  
  16  0:37  Gateway  
  16  0:45  Assimilator  
  16  0:46  Probe (Chrono Boost)  
  17  0:56  Probe (Chrono Boost)  
  18  1:07  Probe (Chrono Boost)  
  19  1:17  Probe (Chrono Boost)  
  20  1:24  Cybernetics Core  
  20  1:32  Nexus  
  20  1:36  Probe (Chrono Boost)  
  21  1:42  Pylon  
  21  1:46  Probe (Chrono Boost)  
  22  1:51  Assimilator  
  22  1:57  Probe (Chrono Boost)  
  22  2:01  Adept (Chrono Boost)  
  25  2:03  Warp Gate  
  25  2:08  Probe  
  26  2:20  Probe  
  27  2:27  Adept (Chrono Boost)  
  28  2:33  Mothership Core (Chrono Boost)  
  30  2:49  Probe (Chrono Boost)  
  31  2:53  Pylon  
  31  2:57  Probe (Chrono Boost)  
  32  2:59  Adept  
  32  3:03  Probe (Chrono Boost)  
  35  3:07  Probe (Chrono Boost)  
  36  3:14  Probe (Chrono Boost)  
  37  3:20  Twilight Council  
  37  3:21  Probe (Chrono Boost)  
  37  3:25  Probe (Chrono Boost), Robotics Facility  
  37  3:26  Adept  
  41  3:32  Probe (Chrono Boost)  
  42  3:36  Probe (Chrono Boost)  
  43  3:42  Probe (Chrono Boost)  
  41  3:56  Gateway  
  41  3:58  Gateway, Blink  
  41  4:03  Pylon  
  41  4:09  Stalker  
  43  4:14  Pylon  
  43  4:16  Immortal (Chrono Boost)  
  47  4:18  Probe  
  47  4:20  Probe  
  49  4:29  Probe  
  50  4:32  Probe  
  50  4:36  Stalker  
  53  4:39  Probe  
  53  4:44  Probe  
  55  4:51  Immortal (Chrono Boost)  
  59  4:54  Pylon  
  55  5:03  Stalker x2  
  57  5:10  Assimilator  
  47  5:22  Stalker  
  49  5:28  Stalker  
  49  5:29  Probe  
  49  5:31  Probe  
  53  5:40  Probe  
  58  5:42  Immortal (Chrono Boost)  
  58  5:47  Gateway  
  58  5:48  Stalker  
  58  5:49  Zealot  
  62  5:50  Gateway  
  62  5:52  Adept  
  62  5:56  Assimilator  
  64  5:58  Probe  
  64  5:59  Probe  
  60  6:13  Stalker  
  60  6:14  Stalker x2  
  64  6:22  Observer (Chrono Boost)  
  64  6:24  Probe  
  65  6:25  Pylon  
  65  6:26  Probe  
  67  6:38  Mothership Core  
  69  6:47  Stalker x3  
  69  6:48  Stalker  
  77  6:55  Pylon  
  77  6:57  Pylon  
  77  6:59  Pylon  
  77  7:01  Pylon  
  77  7:04  Pylon  
  69  7:14  Immortal (Chrono Boost)  
  61  7:18  Stalker x3  
  66  7:29  Stalker  
  64  7:30  Stalker  
Show
View Real Time Build Order
Export as new Build Order

Mihai Terran - Winner!

Build Orders:  

Get SALT Encoding   

  12  0:01  SCV  
  13  0:13  SCV  
  14  0:18  Supply Depot  
  14  0:25  SCV  
  15  0:36  Refinery  
  15  0:39  SCV  
  16  0:44  Barracks  
  16  0:52  SCV  
  17  1:04  SCV  
  18  1:16  SCV  
  19  1:24  Refinery  
  19  1:31  Supply Depot, Reaper, Orbital Command  
  20  1:39  Barracks  
  20  1:57  SCV, Factory  
  21  2:08  Barracks Reactor  
  21  2:09  SCV  
  22  2:21  SCV  
  23  2:28  Barracks Reactor  
  23  2:32  Supply Depot  
  23  2:33  SCV  
  24  2:41  Factory Tech Lab  
  24  2:42  Starport  
  24  2:47  Marine x2  
  26  3:02  Siege Tank  
  26  3:05  Marine x2  
  31  3:08  SCV  
  31  3:09  Marine x2  
  31  3:10  Supply Depot  
  34  3:18  Medivac  
  36  3:25  Marine x2  
  38  3:28  Marine  
  38  3:32  Marine  
  40  3:44  Marine  
  41  3:50  Marine x3  
  41  3:51  Medivac  
  46  4:02  Marine  
  46  4:06  Supply Depot  
  46  4:08  Supply Depot  
  46  4:12  Marine  
  47  4:22  Supply Depot  
  47  4:27  Medivac, Siege Tank, Marine x3  
  55  4:37  Marine  
  56  4:47  Marine  
  52  5:03  Marine x3  
  52  5:04  Siege Tank  
  52  5:05  Marine  
  56  5:21  Marine x3  
  50  5:24  Marine  
  53  5:36  Siege Tank  
  53  5:39  Marine x3  
  53  5:42  Marine  
  57  5:47  Medivac  
  59  5:56  Marine  
  60  5:57  Marine  
  60  5:58  Marine  
  62  6:05  Marine  
  61  6:14  Marine  
  61  6:15  Marine  
  61  6:17  Medivac  
  63  6:22  Marine  
  63  6:23  Marine  
  65  6:27  Siege Tank  
  65  6:32  Marine x2  
  67  6:40  Marine  
  67  6:41  Marine  
  69  6:47  Medivac  
  71  6:55  Supply Depot  
  71  6:56  Marine x2  
  71  6:58  Marine  
  71  7:12  Marine  
  71  7:14  Marine  
  69  7:18  Medivac  
  69  7:20  Marine  
  69  7:21  Marine  
  67  7:30  Marine  
  67  7:32  Marine  
Tags
 
Add a new tag
Caveats
  • Supply blocks, unpowered buildings, or Contaminate may cause inaccurate times.
  • Supply counts are checked every 10 seconds.